 Dungeon Crawl Stone Soup version 0.27.1-2-g3b301248ec (webtiles) character file.

Game seed: 15259487378500401000

784 MisterFreud the Shield-Bearer (level 7, -1/59 HPs)
             Began as a Gnoll Fighter on Sept 28, 2021.
             Was a Believer of Ru.
             Killed by divine providence
             ... invoked by an orc priest
              (11 damage)
             ... on level 6 of the Dungeon.
             The game lasted 00:05:17 (4625 turns).

MisterFreud the Shield-Bearer (Gnoll Fighter)       Turns: 4625, Time: 00:05:18

Health: -1/59      AC:  7    Str: 16    XL:     7   Next: 86%
Magic:  10/10      EV:  9    Int:  9    God:    Ru [**....]
Gold:   240        SH: 16    Dex: 19    Spells: 10/10 levels left

rFire    . . .     SeeInvis .   C - +7 rapier of Resourcefulness {speed, Dex+2}
rCold    . . .     Faith    .   c - +0 kite shield
rNeg     . . .     Spirit   .   b - +0 scale mail
rPois    .         Reflect  +   (no helmet)
rElec    .         Harm     .   (no cloak)
rCorr    +         Rampage  .   (no gloves)
Will     .....                  (no boots)
Stlth    ..........             t - amulet of reflection
HPRegen  0.19/turn              g - +6 ring of dexterity
MPRegen  0.12/turn              A - ring of resist corrosion

@: no status effects
A: fangs 1, no stealth, unskilled 1, strong nose, distributed training
a: Renounce Religion


You were on level 6 of the Dungeon.
You worshipped Ru.
Ru was pleased with you.
You visited 1 branch of the dungeon, and saw 6 of its levels.

You collected 240 gold pieces.

Inventory:

Hand Weapons
 a - a +0 rapier
 d - a +2 falchion of protection
 y - a +4 war axe
 C - the +7 rapier of Resourcefulness (weapon) {speed, Dex+2}
   (You found it on level 5 of the Dungeon)

   Attacks with this weapon are significantly faster.
   Dex:       It affects your dexterity (+2).
Missiles
 s - 3 boomerangs (quivered)
 u - 3 javelins
 z - 6 datura-tipped darts
Armour
 b - a +0 scale mail (worn)
 c - a +0 kite shield (worn)
Jewellery
 g - a +6 ring of dexterity (left hand)
 t - an amulet of reflection (around neck)
 A - a ring of resist corrosion (right hand)
 D - a ring of ice
Wands
 k - a wand of flame (18)
 o - a wand of paralysis (7)
Scrolls
 f - 7 scrolls of identify {unknown}
 j - 4 scrolls of teleportation {unknown}
 m - a scroll of brand weapon {unknown}
 n - a scroll of vulnerability {unknown}
 q - 3 scrolls of fog {unknown}
 w - a scroll of magic mapping {unknown}
 B - a scroll of noise {unknown}
Potions
 e - 2 potions of heal wounds {unknown}
 h - 2 potions of flight {unknown}
 i - 2 potions of experience {unknown}
 l - a potion of degeneration {unknown}
 p - a potion of cancellation {unknown}
 r - 2 potions of mutation {unknown}
 v - 2 potions of curing {unknown}
 x - a potion of lignification {unknown}


   Skills:
 + Level 6.5 Fighting
 + Level 4.9 Short Blades
 + Level 2.4 Long Blades
 + Level 2.4 Axes
 + Level 2.4 Maces & Flails
 + Level 2.4 Polearms
 + Level 2.4 Staves
 + Level 2.4 Slings
 + Level 2.4 Bows
 + Level 2.4 Crossbows
 + Level 2.4 Throwing
 + Level 6.5 Armour
 + Level 2.4 Dodging
   Level 0.0 Stealth
 + Level 6.5 Shields
 + Level 2.4 Unarmed Combat
 + Level 2.4 Spellcasting
 + Level 2.0 Conjurations
 + Level 2.0 Hexes
 + Level 2.0 Summonings
 + Level 2.0 Necromancy
 + Level 2.0 Translocations
 + Level 2.0 Transmutations
 + Level 2.0 Fire Magic
 + Level 2.0 Ice Magic
 + Level 2.0 Air Magic
 + Level 2.0 Earth Magic
 + Level 2.0 Poison Magic
 + Level 2.7 Invocations
 + Level 2.4 Evocations


You had 10 spell levels left.
You didn't know any spells.
Your spell library contained the following spells:

 Spells                   Type           Power      Damage    Failure   Level
 Animate Skeleton         Necr           8%         N/A       80%         1
 Apportation              Tloc           8%         N/A       80%         1
 Corona                   Hex            4%         N/A       80%         1
 Summon Small Mammal      Summ           16%        N/A       80%         1
 Summon Guardian Golem    Hex/Summ       4%         N/A       99%         3
 Iskenderun's Battlesphe  Conj           4%         2d6       100%        5
 Iron Shot                Conj/Erth      2%         9d2       100%        6
 Orb of Destruction       Conj           2%         9d1       100%        7
 Spellforged Servitor     Conj/Summ      2%         N/A       100%        7


Dungeon Overview and Level Annotations

Branches:
Dungeon (6/15)             Temple (0/1) D:4

Altars:
Dithmenos
Ru

Shops:
D:2 :   D:3 (

Annotations:
D:5 3 runed translucent doors, Crownlay's ghost, novice MiMo; MisterFreud's ghost, novice GnWn; diceflayer's ghost, novice MiFi


Innate Abilities, Weirdness & Mutations

You have very sharp teeth.
You cannot be stealthy.
You are somewhat unskilled. (-1 Apt)
Your uncanny sense of smell can sniff out nearby items.
Your experience applies equally to all skills.


Message History

The boomerang hits you but does no damage.
You block the orc priest's attack.
Your shield prevents you from hitting the orc wizard.
Your bite misses the orc wizard.
The orc wizard is almost dead.
The orc wizard hits you but does no damage.
The orc wizard begins to cast a spell, but is stunned by your conviction!
Unknown command.
You closely miss the orc wizard.
The orc wizard is almost dead.
The orc warrior closely misses you.
The orc priest hits you but does no damage.
The orc wizard gestures at you while chanting.
The puff of flame misses you.
The puff of flame hits the orc priest.
You puncture the orc wizard!
You kill the orc wizard!
The orc warrior hits you from afar with a +0 glaive!
* * * LOW HITPOINT WARNING * * *
The orc priest barely misses you.
You hit the orc wizard.
The orc wizard is moderately wounded.
A centaur skeleton comes into view.
The orc priest begins to pray, but is stunned by your conviction!
You block the orc warrior's attack.
Unknown command.
You puncture the orc wizard!
The orc wizard is almost dead.
The orc wizard hits you but does no damage.
You block the orc warrior's attack.
The orc priest hits you with a +0 flail.
* * * LOW HITPOINT WARNING * * *
You puncture the orc wizard!
You kill the orc wizard!
You block the centaur skeleton's attack.
The centaur skeleton kicks you but does no damage.
You block the centaur skeleton's attack.
The centaur skeleton kicks you but does no damage.
The orc priest mumbles some strange prayers to Beogh against you.
Beogh smites you!
You die...

#.....####.#
#..........#
#.....###..#
#..#.####....
#..)......##
#.oo.###....
#.#o## ##
#o#.#
#.#@####..#
#o#Z<.....##
#o#.###.....
#.........#
#.#.........
##.#.##.....
##.## .... #
.## #


You could see an orc warrior, an orc priest, an orc and a centaur skeleton.

Vanquished Creatures
  An ogre (D:5)
  2 phantoms (D:4)
  A bullfrog (D:4)
  A bullfrog zombie (D:5)
  2 gnoll shamans (D:5)
  A hound (D:5)
  A bullfrog skeleton (D:6)
  Terence (D:3)
  Ijyb (D:3)
  2 orc wizards (D:6)
  8 gnolls (D:5)
  A howler monkey zombie (D:5)
  7 adders
  2 ufetubi
  2 adder skeletons (D:4)
  2 worms (D:2)
  4 dart slugs
  5 orcs
  3 endoplasms
  5 giant cockroaches
  3 goblins
  6 hobgoblins
  4 jackals (D:3)
  2 quokkas
  5 ball pythons
  5 bats
  A kobold (D:1)
  9 rats
87 creatures vanquished.

Vanquished Creatures (others)
  A frilled lizard (D:1)
  A plant (D:3)
  4 withered plants (D:5)
6 creatures vanquished.

Grand Total: 93 creatures vanquished

Notes
Turn   | Place    | Note
-------+----------+-------------------------------------------
     0 | D:1      | MisterFreud the Gnoll Fighter began the quest for the Orb.
     0 | D:1      | Reached XP level 1. HP: 23/23 MP: 1/1
   162 | D:1      | Reached XP level 2. HP: 29/29 MP: 2/2
   164 | D:1      | You fall into a shaft and drop 1 floor!
   728 | D:1      | Reached XP level 3. HP: 35/35 MP: 3/3
   815 | D:1      | Found a faded altar of an unknown god.
   822 | D:1      | Became a worshipper of Ru the Awakened
   828 | D:1      | Gained mutation: You are somewhat unskilled. (-1 Apt) [Ru
                  | sacrifice]
   828 | D:1      | Reduced skill Fighting to level 5
   828 | D:1      | Reduced skill Armour to level 5
   828 | D:1      | Reduced skill Shields to level 5
   828 | D:1      | Reached * piety under Ru
  1248 | D:2      | Found Fujixzy's Book Shop.
  1261 | D:2      | Reached skill level 1 in Invocations
  1267 | D:2      | Reached XP level 4. HP: 36/40 MP: 5/5
  1432 | D:3      | Noticed Terence
  1478 | D:3      | Killed Terence
  1479 | D:3      | Reached skill level 1 in Long Blades
  1479 | D:3      | Reached skill level 1 in Axes
  1479 | D:3      | Reached skill level 1 in Maces & Flails
  1479 | D:3      | Reached skill level 1 in Polearms
  1479 | D:3      | Reached skill level 1 in Staves
  1479 | D:3      | Reached skill level 1 in Slings
  1479 | D:3      | Reached skill level 1 in Bows
  1479 | D:3      | Reached skill level 1 in Crossbows
  1479 | D:3      | Reached skill level 1 in Throwing
  1479 | D:3      | Reached skill level 1 in Dodging
  1479 | D:3      | Reached skill level 1 in Stealth
  1479 | D:3      | Reached skill level 1 in Unarmed Combat
  1479 | D:3      | Reached skill level 1 in Spellcasting
  1479 | D:3      | Reached skill level 1 in Evocations
  1493 | D:3      | Noticed Ijyb
  1499 | D:3      | Paralysed by Ijyb for 6 turns
  1505 | D:3      | Killed Ijyb
  1658 | D:3      | Reached skill level 1 in Conjurations
  1658 | D:3      | Reached skill level 1 in Hexes
  1658 | D:3      | Reached skill level 1 in Summonings
  1658 | D:3      | Reached skill level 1 in Necromancy
  1658 | D:3      | Reached skill level 1 in Translocations
  1658 | D:3      | Reached skill level 1 in Transmutations
  1658 | D:3      | Reached skill level 1 in Fire Magic
  1658 | D:3      | Reached skill level 1 in Ice Magic
  1658 | D:3      | Reached skill level 1 in Air Magic
  1658 | D:3      | Reached skill level 1 in Earth Magic
  1658 | D:3      | Reached skill level 1 in Poison Magic
  1658 | D:3      | Reached XP level 5. HP: 46/46 MP: 6/6
  1868 | D:3      | Found a shadowy altar of Dithmenos.
  1910 | D:3      | Found Ohicim's Weapon Shop.
  2451 | D:4      | Noticed a phantom
  2487 | D:4      | Killed a phantom
  2488 | D:4      | Reached XP level 6. HP: 28/52 MP: 8/8
  2949 | D:4      | Found a staircase to the Ecumenical Temple.
  3139 | D:5      | Entered Level 5 of the Dungeon
  3147 | D:5      | Reached XP level 7. HP: 59/59 MP: 8/10
  3173 | D:4      | Gained mutation: You cannot be stealthy. [Ru sacrifice]
  3173 | D:4      | Reached ** piety under Ru
  3583 | D:5      | Found a runed translucent gate.
  3584 | D:5      | Found a runed translucent gate.
  3585 | D:5      | Found a runed translucent gate.
  3586 | D:5      | Noticed diceflayer's ghost (novice MiFi)
  3587 | D:5      | Noticed MisterFreud's ghost (novice GnWn)
  3587 | D:5      | Noticed Crownlay's ghost (novice MiMo)
  3721 | D:5      | Paralysed by a gnoll shaman for 6 turns
  4382 | D:5      | Identified the +7 rapier of Resourcefulness {speed, Dex+2}
  4625 | D:6      | Killed from afar by an orc priest

Illustrated notes

Levels and vault maps discovered:
D:1:      eino_arrival_cavern_a, layout_basic,
          dilly_ecumenical_altar_fadedgnrine, minmay_statues_item
D:2:      layout_loops_cross, serial_shops, shop_fountains
D:3:      layout_basic, nicolae_overflow_hidden_temple, serial_shops, shop,
          serial_bayou_crossing, uniq_ijyb, uniq_terence
D:4:      layout_cave_pods, minmay_temple_entry_mist
D:5:      layout_basic, gammafunk_ghost_cemetery, st_stairs_12, corexii_shack
D:6:      layout_loops_ring, nicolae_hepliaklqana_hazy_memory

Skill      XL: |  1  2  3  4  5  6  7 |
---------------+----------------------+-----
Fighting       | 6 |  6.5
Armour         | 6 |  6.5
Shields        | 6 |  6.5
Invocations    | 1 2 |  2.7
Long Blades    | 1 2 |  2.4
Axes           | 1 2 |  2.4
Maces & Flails | 1 2 |  2.4
Polearms       | 1 2 |  2.4
Staves         | 1 2 |  2.4
Slings         | 1 2 |  2.4
Bows           | 1 2 |  2.4
Crossbows      | 1 2 |  2.4
Throwing       | 1 2 |  2.4
Dodging        | 1 2 |  2.4
Stealth        | 1 2 0 |  0.0
Unarmed Combat | 1 2 |  2.4
Spellcasting   | 1 2 |  2.4
Evocations     | 1 2 |  2.4
Conjurations   | 1 2 |  2.0
Hexes          | 1 2 |  2.0
Summonings     | 1 2 |  2.0
Necromancy     | 1 2 |  2.0
Translocations | 1 2 |  2.0
Transmutations | 1 2 |  2.0
Fire Magic     | 1 2 |  2.0
Ice Magic      | 1 2 |  2.0
Air Magic      | 1 2 |  2.0
Earth Magic    | 1 2 |  2.0
Poison Magic   | 1 2 |  2.0
Short Blades   | |  4.9

Action                   |  1- 3 |  4- 6 |  7- 9 || total
-------------------------+-------+-------+-------++-------
Melee: Rapier            |    99 |   132 |    16 ||   247
       Bite              |    12 |     8 |    11 ||    31
       War axe           |       |     8 |    56 ||    64
       Falchion          |       |       |    16 ||    16
Invok: Sacrifice Skill   |     1 |       |       ||     1
       Sacrifice Stealth |       |       |     1 ||     1
  Use: Potion            |       |     1 |       ||     1
Armor: Scale mail        |    35 |    30 |    37 ||   102
Dodge: Dodged            |    29 |    26 |    33 ||    88
Block: Kite shield       |    45 |    87 |   101 ||   233
       Reflection        |       |     1 |       ||     1
       Rpst.: Falchion   |       |       |     2 ||     2
